| TOP OF THE 1ST |
|
Chicago (NYP) White Sox batting - Pitching for Mahoning Valley Scrappers : RHP Eduardo Garcia
|
|
Pitching: RHP Eduardo Garcia
|
|
|
Batting: RHB Justin Usner
|
0-0: Ball 1-0: Ball 2-0: Foul Ball, location: 2F 2-1: Ball 3-1: Foul Ball, location: 2F 3-2: Ground out 6-3 (Groundball, 6, EV 101.2 MPH)
|
|
Batting: RHB Jeremy Hoffert
|
0-0: Ball 1-0: Ball 2-0: Fly out, F8 (Flyball, 8LM, EV 71.2 MPH)
|
|
Batting: RHB Dusty Ballard
|
0-0: Ball 1-0: Foul Ball, location: 2F 1-1: Swinging Strike 1-2: Ball 2-2: Foul Ball, location: 2F 2-2: Ball 3-2: SINGLE (Line Drive, 6MD, EV 96.9 MPH)
|
|
Pitching: RHP Jeff Degel
|
|
|
Batting: LHB Wes Goscinski
|
0-0: Ball Dusty Ballard is caught stealing 2nd base 2-6
|
| Top of the 1st over - 0 runs, 1 hit, 0 errors, 0 left on base; Chicago (NYP) 0 - Mahoning Valley 0 |
| BOTTOM OF THE 1ST |
|
Mahoning Valley Scrappers batting - Pitching for Chicago (NYP) White Sox : RHP Ed Catalan
|
|
Pitching: RHP Ed Catalan
|
|
|
Batting: RHB Ricky Cordova
|
0-0: Called Strike 0-1: Ground out 6-3 (Groundball, 6, EV 81.2 MPH)
|
|
Batting: RHB Juan Padilla
|
0-0: Swinging Strike 0-1: Called Strike 0-2: Ball 1-2: Ground out 6-3 (Groundball, 6M, EV 98.8 MPH)
|
|
Batting: RHB Ryan Gautney
|
0-0: Called Strike 0-1: Ball 1-1: Ball 2-1: Foul Ball, location: 2F 2-2: Ball 3-2: Base on Balls
|
|
Batting: SHB Joe Zeiset
|
0-0: Ball 1-0: Swinging Strike 1-1: Fielders Choice at 2nd, 6-4 (Groundball, 6, EV 87.5 MPH)
|
| Bottom of the 1st over - 0 runs, 0 hits, 0 errors, 1 left on base; Chicago (NYP) 0 - Mahoning Valley 0 |
| TOP OF THE 2ND |
|
Chicago (NYP) White Sox batting - Pitching for Mahoning Valley Scrappers : RHP Jeff Degel
|
|
Batting: LHB Wes Goscinski
|
0-0: Called Strike 0-1: Ball 1-1: Called Strike 1-2: Ball 2-2: Ball 3-2: Ground out 4-3 (Groundball, 4, EV 85.0 MPH)
|
|
Batting: LHB Jason Bell
|
0-0: Called Strike 0-1: Ball 1-1: Fly out, F9 (Flyball, 8RS, EV 88.1 MPH)
|
|
Batting: LHB James Groshong
|
0-0: Ground out 4-3 (Groundball, 34, EV 79.4 MPH)
|
| Top of the 2nd over - 0 runs, 0 hits, 0 errors, 0 left on base; Chicago (NYP) 0 - Mahoning Valley 0 |
| BOTTOM OF THE 2ND |
|
Mahoning Valley Scrappers batting - Pitching for Chicago (NYP) White Sox : RHP Ed Catalan
|
|
Batting: LHB Devon Grant
|
0-0: Ball 1-0: Ball 2-0: Fly out, F3 (Line Drive, 3, EV 71.2 MPH)
|
|
Batting: RHB Andy Lewis
|
0-0: Ball 1-0: Ground out 6-3 (Groundball, 6, EV 107.5 MPH)
|
|
Batting: RHB Jeremy Givens
|
0-0: Ball 1-0: Swinging Strike 1-1: Ball 2-1: Called Strike 2-2: DOUBLE (Flyball, 7LD, EV 105.0 MPH)
|
|
Batting: RHB Gashie Chimsima
|
0-0: Called Strike 0-1: Swinging Strike 0-2: Ball 1-2: Ball 2-2: Strikes out swinging
|
| Bottom of the 2nd over - 0 runs, 1 hit, 0 errors, 1 left on base; Chicago (NYP) 0 - Mahoning Valley 0 |
| TOP OF THE 3RD |
|
Chicago (NYP) White Sox batting - Pitching for Mahoning Valley Scrappers : RHP Jeff Degel
|
|
Batting: RHB Emil Wilbrink
|
0-0: Ground out U3 (Groundball, 34, EV 85.0 MPH)
|
|
Batting: SHB Jason Bresnahan
|
0-0: Called Strike 0-1: Foul Ball, location: 2F 0-2: Ball 1-2: Strikes out swinging
|
|
Batting: RHB David Laureano
|
0-0: Ball 1-0: Ball 2-0: Foul Ball, location: 2F 2-1: Foul Ball, location: 2F 2-2: Foul Ball, location: 2F 2-2: Foul Ball, location: 2F 2-2: Ball 3-2: Ground out 4-3 (Groundball, 4, EV 86.2 MPH)
|
| Top of the 3rd over - 0 runs, 0 hits, 0 errors, 0 left on base; Chicago (NYP) 0 - Mahoning Valley 0 |
| BOTTOM OF THE 3RD |
|
Mahoning Valley Scrappers batting - Pitching for Chicago (NYP) White Sox : RHP Ed Catalan
|
|
Batting: LHB Tom Bemis
|
0-0: Ball 1-0: Called Strike 1-1: Swinging Strike 1-2: Ball 2-2: Foul Ball, location: 2F 2-2: Strikes out looking
|
|
Batting: RHB Ricky Cordova
|
0-0: Called Strike 0-1: Foul Ball, location: 2F 0-2: Strikes out swinging
|
|
Batting: RHB Juan Padilla
|
0-0: Ball 1-0: Swinging Strike 1-1: Swinging Strike 1-2: Ball 2-2: Ground out 6-3 (Groundball, 6, EV 86.2 MPH)
|
| Bottom of the 3rd over - 0 runs, 0 hits, 0 errors, 0 left on base; Chicago (NYP) 0 - Mahoning Valley 0 |
| TOP OF THE 4TH |
|
Chicago (NYP) White Sox batting - Pitching for Mahoning Valley Scrappers : RHP Jeff Degel
|
|
Batting: RHB Justin Usner
|
0-0: Ball 1-0: Swinging Strike 1-1: Called Strike 1-2: Ball 2-2: Foul Ball, location: 2F 2-2: Foul Ball, location: 2F 2-2: Ball 3-2: Foul Ball, location: 2F 3-2: SINGLE (Groundball, 5D, EV 94.4 MPH)
|
|
Batting: RHB Jeremy Hoffert
|
0-0: Called Strike 0-1: Swinging Strike 0-2: Ball Wild Pitch! Justin Usner to second 1-2: DOUBLE (Line Drive, 7LS, EV 95.0 MPH) Justin Usner scores
|
|
Pitching: RHP Josh Hughes
|
|
|
Batting: RHB Dusty Ballard
|
0-0: Foul Ball, location: 2F 0-1: Ball 1-1: Ball Jeremy Hoffert steals 3rd base 2-1: Ball 3-1: Foul Ball, location: 2F 3-2: Base on Balls
|
|
Batting: LHB Wes Goscinski
|
0-0: Ball Dusty Ballard steals 2nd base (no throw) 1-0: Swinging Strike 1-1: Swinging Strike 1-2: SINGLE (Flyball, 8LS, EV 94.4 MPH) Jeremy Hoffert scores Dusty Ballard to third Runner from 3rd tries for Home, SAFE, throw by CF to home
|
|
Batting: LHB Jason Bell
|
0-0: DOUBLE (Line Drive, 78M, EV 93.1 MPH) Wes Goscinski to third
|
|
Batting: LHB James Groshong
|
0-0: Swinging Strike 0-1: Ball 1-1: Foul Ball, location: 2F 1-2: Strikes out swinging
|
|
Batting: RHB Emil Wilbrink
|
0-0: Called Strike 0-1: Foul Ball, location: 2F 0-2: Ball 1-2: Ball 2-2: Fly out, F8 (Flyball, 8LXD, EV 93.1 MPH) Runner from 3rd tags up, SCORES, no throw by CF
|
|
Batting: SHB Jason Bresnahan
|
0-0: Called Strike 0-1: Foul Ball, location: 2F 0-2: Foul Ball, location: 2F 0-2: Strikes out looking
|
| Top of the 4th over - 4 runs, 4 hits, 0 errors, 1 left on base; Chicago (NYP) 4 - Mahoning Valley 0 |
| BOTTOM OF THE 4TH |
|
Mahoning Valley Scrappers batting - Pitching for Chicago (NYP) White Sox : RHP Ed Catalan
|
|
Batting: RHB Ryan Gautney
|
0-0: Ball 1-0: Fly out, F7 (Flyball, 78D, EV 111.2 MPH)
|
|
Batting: SHB Joe Zeiset
|
0-0: Ball 1-0: Called Strike 1-1: Ball 2-1: SINGLE (Groundball, 4MS, EV 77.5 MPH) (infield hit)
|
|
Batting: LHB Devon Grant
|
0-0: Called Strike 0-1: Swinging Strike 0-2: Ball 1-2: Fly out, F4 (Line Drive, 4, EV 65.0 MPH) Lined into DP, 4-3 (Line Drive, 4, EV 61.9 MPH)
|
| Bottom of the 4th over - 0 runs, 1 hit, 0 errors, 0 left on base; Chicago (NYP) 4 - Mahoning Valley 0 |
| TOP OF THE 5TH |
|
Chicago (NYP) White Sox batting - Pitching for Mahoning Valley Scrappers : RHP Josh Hughes
|
|
Batting: RHB David Laureano
|
0-0: Called Strike 0-1: Swinging Strike 0-2: Strikes out swinging
|
|
Batting: RHB Justin Usner
|
0-0: Called Strike 0-1: Ball 1-1: Swinging Strike 1-2: Ground out U3 (Groundball, 34S, EV 81.9 MPH)
|
|
Batting: RHB Jeremy Hoffert
|
0-0: Called Strike 0-1: Foul Ball, location: 2F 0-2: Ball 1-2: Ground out 5-3 (Groundball, 15, EV 76.9 MPH)
|
| Top of the 5th over - 0 runs, 0 hits, 0 errors, 0 left on base; Chicago (NYP) 4 - Mahoning Valley 0 |
| BOTTOM OF THE 5TH |
|
Mahoning Valley Scrappers batting - Pitching for Chicago (NYP) White Sox : RHP Ed Catalan
|
|
Batting: RHB Andy Lewis
|
0-0: Fly out, F8 (Line Drive, 8RD, EV 104.4 MPH)
|
|
Batting: RHB Jeremy Givens
|
0-0: Called Strike 0-1: Foul Ball, location: 2F 0-2: Ball 1-2: Foul Ball, location: 2F 1-2: Strikes out swinging
|
|
Batting: RHB Gashie Chimsima
|
0-0: Called Strike 0-1: Foul Ball, location: 2F 0-2: Ball 1-2: Ball 2-2: DOUBLE (Line Drive, 9LM, EV 95.6 MPH)
|
|
Batting: LHB Tom Bemis
|
0-0: Ground out U3 (Groundball, 34, EV 86.2 MPH)
|
| Bottom of the 5th over - 0 runs, 1 hit, 0 errors, 1 left on base; Chicago (NYP) 4 - Mahoning Valley 0 |
| TOP OF THE 6TH |
|
Chicago (NYP) White Sox batting - Pitching for Mahoning Valley Scrappers : RHP Josh Hughes
|
|
Batting: RHB Dusty Ballard
|
0-0: Ball 1-0: Ball 2-0: Called Strike 2-1: Ball 3-1: Swinging Strike 3-2: Base on Balls
|
|
Batting: LHB Wes Goscinski
|
0-0: Ball 1-0: Ball 2-0: Swinging Strike 2-1: Swinging Strike 2-2: Ball 3-2: Strikes out looking
|
|
Pitching: RHP Chris DeVall
|
|
|
Batting: LHB Jason Bell
|
0-0: Ball 1-0: Called Strike 1-1: Ball Dusty Ballard steals 2nd base (no throw) 2-1: Ball 3-1: Base on Balls
|
|
Batting: LHB James Groshong
|
0-0: Called Strike 0-1: Ball Dusty Ballard steals 3rd base Jason Bell to second 1-1: Foul Ball, location: 2F 1-2: Strikes out looking
|
|
Batting: RHB Emil Wilbrink
|
0-0: Ball 1-0: Called Strike 1-1: Ball Wild Pitch! Dusty Ballard scores Jason Bell to third 2-1: Foul Ball, location: 2F 2-2: Strikes out swinging
|
| Top of the 6th over - 1 run, 0 hits, 0 errors, 1 left on base; Chicago (NYP) 5 - Mahoning Valley 0 |
| BOTTOM OF THE 6TH |
|
Mahoning Valley Scrappers batting - Pitching for Chicago (NYP) White Sox : RHP Ed Catalan
|
|
Batting: RHB Ricky Cordova
|
0-0: Ball 1-0: TRIPLE (Flyball, 89XD, EV 108.1 MPH)
|
|
Batting: RHB Juan Padilla
|
0-0: Ball 1-0: Called Strike 1-1: Ball 2-1: Swinging Strike 2-2: SINGLE (Groundball, 6MD, EV 98.1 MPH) Ricky Cordova scores
|
|
Batting: RHB Ryan Gautney
|
0-0: Called Strike 0-1: DOUBLE (Line Drive, 89XD, EV 104.4 MPH) Juan Padilla to third
|
|
Batting: SHB Joe Zeiset
|
0-0: Called Strike 0-1: Ball 1-1: Called Strike 1-2: Ball 2-2: Foul Ball, location: 2F 2-2: Fly out, F9 (Flyball, 9LS, EV 90.6 MPH)
|
|
Batting: LHB Devon Grant
|
0-0: Ball 1-0: DOUBLE (Line Drive, 8LD, EV 109.4 MPH) Juan Padilla scores Ryan Gautney scores
|
|
Batting: RHB Andy Lewis
|
0-0: Ball Wild Pitch! Devon Grant to third 1-0: Swinging Strike 1-1: Ball 2-1: Foul Ball, location: 2F 2-2: Strikes out swinging
|
|
Batting: RHB Jeremy Givens
|
0-0: Ball 1-0: Ball 2-0: Called Strike 2-1: Foul Ball, location: 2F 2-2: Ground out 5-3 (Groundball, 5, EV 103.1 MPH)
|
| Bottom of the 6th over - 3 runs, 4 hits, 0 errors, 1 left on base; Chicago (NYP) 5 - Mahoning Valley 3 |
| TOP OF THE 7TH |
|
Chicago (NYP) White Sox batting - Pitching for Mahoning Valley Scrappers : RHP Chris DeVall
|
|
Batting: SHB Jason Bresnahan
|
0-0: Called Strike 0-1: Ball 1-1: Foul Ball, location: 2F 1-2: Ball 2-2: SOLO HOME RUN (Flyball, 89XD, EV 108.1 MPH), Distance : 426 ft
|
|
Batting: RHB David Laureano
|
0-0: Foul Ball, location: 2F 0-1: Called Strike 0-2: Foul Ball, location: 2F 0-2: Ball 1-2: Strikes out swinging
|
|
Batting: RHB Justin Usner
|
0-0: Fly out, F9 (Flyball, 9S, EV 86.9 MPH)
|
|
Batting: RHB Jeremy Hoffert
|
0-0: Called Strike 0-1: Ball 1-1: Called Strike 1-2: Fly out, F7 (Flyball, 7LS, EV 91.9 MPH)
|
| Top of the 7th over - 1 run, 1 hit, 0 errors, 0 left on base; Chicago (NYP) 6 - Mahoning Valley 3 |
| BOTTOM OF THE 7TH |
|
Mahoning Valley Scrappers batting - Pitching for Chicago (NYP) White Sox : RHP Ed Catalan
|
|
Batting: RHB Gashie Chimsima
|
0-0: Called Strike 0-1: Foul Ball, location: 2F 0-2: Ball 1-2: Strikes out swinging
|
|
Batting: LHB Tom Bemis
|
0-0: Ground out 4-3 (Groundball, 34, EV 102.5 MPH)
|
|
Batting: RHB Ricky Cordova
|
0-0: Called Strike 0-1: DOUBLE (Line Drive, 7LD, EV 108.1 MPH)
|
|
Pitching: RHP Ian Savary
|
|
|
Batting: RHB Juan Padilla
|
0-0: Called Strike 0-1: DOUBLE (Flyball, 78D, EV 104.4 MPH) Ricky Cordova scores
|
|
Batting: RHB Ryan Gautney
|
0-0: Foul Ball, location: 2F 0-1: Ball 1-1: Swinging Strike 1-2: Ball 2-2: Foul Ball, location: 2F 2-2: Foul Ball, location: 2F 2-2: Ball 3-2: Foul Ball, location: 2F 3-2: Base on Balls
|
|
Batting: SHB Joe Zeiset
|
0-0: Ball 1-0: Ball 2-0: Ball 3-0: Base on Balls Juan Padilla to third Ryan Gautney to second
|
|
Batting: LHB Devon Grant
|
0-0: SINGLE (Flyball, 7S, EV 93.1 MPH) Juan Padilla scores Ryan Gautney to third Joe Zeiset to second
|
|
Batting: RHB Andy Lewis
|
0-0: Foul Ball, location: 2F 0-1: Ball Wild Pitch! Ryan Gautney scores Joe Zeiset to third Devon Grant to second 1-1: Swinging Strike 1-2: Strikes out swinging
|
| Bottom of the 7th over - 3 runs, 3 hits, 0 errors, 2 left on base; Chicago (NYP) 6 - Mahoning Valley 6 |
| TOP OF THE 8TH |
|
Chicago (NYP) White Sox batting - Pitching for Mahoning Valley Scrappers : RHP Chris DeVall
|
|
Batting: RHB Dusty Ballard
|
0-0: Ball 1-0: Called Strike 1-1: Foul Ball, location: 2F 1-2: Fly out, F2 (Popup, 3SF, EV 74.4 MPH)
|
|
Batting: LHB Wes Goscinski
|
0-0: Ball 1-0: Ball 2-0: Ball 3-0: Called Strike 3-1: DOUBLE (Groundball, 5L, EV 94.4 MPH)
|
|
Batting: LHB Jason Bell
|
0-0: SINGLE (Groundball, 6D, EV 105.0 MPH) Wes Goscinski to third Runner from 3rd tries for Home, SAFE, throw by CF to home
|
|
Batting: LHB James Groshong
|
0-0: Called Strike 0-1: Swinging Strike 0-2: Ball 1-2: Ball 2-2: Strikes out swinging
|
|
Batting: RHB Emil Wilbrink
|
0-0: Called Strike 0-1: Foul Ball, location: 2F 0-2: SINGLE (Groundball, 4, EV 98.8 MPH) Jason Bell to second
|
|
Batting: SHB Jason Bresnahan
|
0-0: Foul Ball, location: 2F 0-1: Ball 1-1: Called Strike 1-2: Fly out, F8 (Flyball, 8RXD, EV 86.9 MPH)
|
| Top of the 8th over - 1 run, 3 hits, 0 errors, 2 left on base; Chicago (NYP) 7 - Mahoning Valley 6 |
| BOTTOM OF THE 8TH |
|
Mahoning Valley Scrappers batting - Pitching for Chicago (NYP) White Sox : RHP Ian Savary
|
|
Pitching: RHP Jose Vigil
|
|
|
Batting: RHB Jeremy Givens
|
0-0: Ground out 4-3 (Groundball, 4, EV 109.4 MPH)
|
|
Batting: RHB Gashie Chimsima
|
0-0: Ball 1-0: Ground out 6-3 (Groundball, 6, EV 106.9 MPH)
|
|
Batting: LHB Tom Bemis
|
0-0: Called Strike 0-1: Ball 1-1: Called Strike 1-2: Strikes out swinging
|
| Bottom of the 8th over - 0 runs, 0 hits, 0 errors, 0 left on base; Chicago (NYP) 7 - Mahoning Valley 6 |
| TOP OF THE 9TH |
|
Chicago (NYP) White Sox batting - Pitching for Mahoning Valley Scrappers : RHP Chris DeVall
|
|
Pitching: LHP Roberto Liza
|
|
|
Batting: RHB David Laureano
|
0-0: Fly out, F8 (Flyball, 8RD, EV 91.9 MPH)
|
|
Batting: RHB Justin Usner
|
0-0: Foul Ball, location: 2F 0-1: Swinging Strike 0-2: Ball 1-2: Ball 2-2: Fly out, F4 (Line Drive, 4, EV 68.8 MPH)
|
|
Batting: RHB Jeremy Hoffert
|
0-0: Ball 1-0: Called Strike 1-1: Ball 2-1: Swinging Strike 2-2: Foul Ball, location: 2F 2-2: Foul Ball, location: 2F 2-2: Ball 3-2: Foul Ball, location: 2F 3-2: Base on Balls
|
|
Batting: RHB Dusty Ballard
|
0-0: Ball Jeremy Hoffert steals 2nd base 1-0: Foul Ball, location: 2F 1-1: Ball 2-1: Foul Ball, location: 2F 2-2: Foul Ball, location: 2F 2-2: Strikes out looking
|
| Top of the 9th over - 0 runs, 0 hits, 0 errors, 1 left on base; Chicago (NYP) 7 - Mahoning Valley 6 |
| BOTTOM OF THE 9TH |
|
Mahoning Valley Scrappers batting - Pitching for Chicago (NYP) White Sox : RHP Jose Vigil
|
|
Pitching: LHP Steven Wolf
|
|
|
Now at 1B: Dusty Ballard
|
|
|
Now at 2B: Jason Bresnahan
|
|
|
Now at 3B: John DeVillier
|
|
|
Now in LF: Emil Wilbrink
|
|
|
Now in RF: Victor Orozco
|
|
|
Batting: RHB Ricky Cordova
|
0-0: Ball 1-0: Foul Ball, location: 2F 1-1: Fly out, F7 (Flyball, 7D, EV 105.0 MPH)
|
|
Batting: RHB Juan Padilla
|
0-0: Ball 1-0: Foul Ball, location: 2F 1-1: Ball 2-1: Ground out 4-3 (Groundball, 4, EV 89.4 MPH)
|
|
Batting: RHB Ryan Gautney
|
0-0: Ball 1-0: Ball 2-0: SINGLE (Groundball, 4MD, EV 105.0 MPH)
|
|
Batting: SHB Joe Zeiset
|
0-0: SINGLE (Line Drive, 78D, EV 111.9 MPH) Ryan Gautney to second
|
|
Batting: LHB Devon Grant
|
0-0: Called Strike 0-1: Ball 1-1: Swinging Strike 1-2: Ball 2-2: Strikes out swinging
|
| Bottom of the 9th over - 0 runs, 2 hits, 0 errors, 2 left on base; Chicago (NYP) 7 - Mahoning Valley 6 |
|